Map: Oxide LE

Players

Scarlett - Winner!

  • Race: Zerg Zerg

Astrea

  • Race: Protoss Protoss

Event: DreamHack SC2 Masters 2021 Fall

VOD

Have the link to the VOD?

Description

Time

  • Played on: Aug. 15, 2021, 4:15 p.m.
  • Length: 9:37

All games in this series

Show
View Real Time Build Order
Export as new Build Order

Scarlett Zerg - Winner!

Build Orders: Hatch First 

Get SALT Encoding   

  12  0:00  Drone  
  13  0:12  Overlord  
  13  0:16  Drone  
  14  0:30  Drone x2  
  16  0:45  Drone  
  17  0:52  Hatchery  
  17  0:54  Drone  
  17  1:00  Drone  
  18  1:08  Extractor  
  17  1:13  Spawning Pool  
  17  1:17  Drone  
  17  1:20  Drone  
  18  1:27  Drone  
  19  1:39  Drone  
  20  1:49  Overlord  
  20  2:00  Queen  
  22  2:04  Queen  
  22  2:07  Zergling x2, Drone  
  26  2:12  Zergling x2  
  26  2:14  Metabolic Boost  
  27  2:18  Drone  
  28  2:26  Drone x2  
  30  2:33  Drone  
  31  2:40  Queen  
  33  2:50  Hatchery, Overlord  
  32  2:55  Drone x3  
  34  3:01  Drone  
  35  3:10  Drone x5  
  40  3:13  Overlord  
  40  3:17  Drone x2  
  42  3:22  Queen  
  42  3:26  Overlord  
  44  3:38  Drone x3  
  44  3:40  Queen  
  49  3:45  Drone x4  
  49  3:47  Spore Crawler  
  52  3:48  Drone  
  52  3:53  Drone x3  
  56  4:00  Overlord  
  56  4:04  Zergling x2, Roach Warren  
  56  4:08  Zergling x4  
  58  4:14  Overlord  
  58  4:15  Zergling x2  
  59  4:19  Queen  
  59  4:22  Zergling x10  
  59  4:23  Zergling x2  
  67  4:24  Zergling x2  
  67  4:27  Spine Crawler  
  67  4:29  Spore Crawler  
  66  4:31  Spore Crawler  
  66  4:38  Zergling x8  
  69  4:44  Lair  
  68  4:54  Drone x9  
  77  5:03  Drone x4  
  77  5:05  Extractor  
  80  5:07  Extractor  
  80  5:10  Drone  
  80  5:11  Extractor  
  78  5:15  Extractor x2, Drone x3  
  78  5:16  Drone x2, Evolution Chamber  
  80  5:25  Overlord  
  80  5:26  Drone, Overlord  
  80  5:27  Pneumatized Carapace  
  81  5:37  Overlord x2  
  81  5:40  Baneling Nest  
  81  5:42  Drone, Glial Reconstitution  
  81  5:45  Drone x9  
  81  5:47  Overseer  
  90  5:51  Zerg Missile Weapons Level 1, Drone  
  90  5:56  Drone x3  
  94  6:12  Drone  
  94  6:14  Roach x8  
  111  6:27  Centrifical Hooks  
  111  6:36  Roach  
  111  6:37  Overlord x2  
  111  6:39  Overlord x5  
  112  6:54  Roach  
  114  6:56  Hatchery  
  114  6:59  Roach x8  
  127  7:04  Zergling x2  
  127  7:05  Zergling x8  
  132  7:11  Zergling x8  
  136  7:17  Zergling x6  
  136  7:21  Zergling x6  
  142  7:24  Ravager x5  
  142  7:25  Ravager x7  
  154  7:32  Roach x5  
  154  7:36  Baneling x3  
  164  7:40  Roach x3  
  164  7:42  Overlord x2  
  170  7:47  Overlord x2  
  170  7:50  Overseer x3, Overlord x2  
  166  7:55  Baneling  
  166  7:56  Baneling x2  
  165  8:01  Zergling x12  
  165  8:04  Baneling x6  
  170  8:06  Baneling  
  170  8:07  Baneling  
  170  8:11  Zergling x10  
  175  8:15  Baneling x5  
  175  8:17  Zergling x2  
  175  8:18  Zergling x2  
  169  8:27  Zergling x6  
  169  8:32  Roach x6  
  175  8:36  Roach x4  
  167  8:41  Roach  
  167  8:42  Roach  
  166  8:49  Roach  
  166  8:54  Ravager x3  
  166  8:55  Zergling x4  
  164  8:56  Zergling x2, Hatchery  
  164  9:00  Zergling x12  
  168  9:05  Zergling x2  
  168  9:08  Zergling x2  
  166  9:11  Zergling x8  
  163  9:19  Zergling x4  
  163  9:20  Ravager x5  
Show
View Real Time Build Order
Export as new Build Order

Astrea Protoss 

Build Orders: 1 Gate Expand, Archon Immortal, Dark Templar Rush 

Get SALT Encoding   

  12  0:00  Probe  
  13  0:12  Probe  
  14  0:19  Pylon  
  14  0:24  Probe  
  15  0:37  Probe (Chrono Boost)  
  15  0:39  Gateway  
  16  0:46  Probe (Chrono Boost)  
  16  0:48  Assimilator  
  17  0:51  Probe  
  18  1:03  Probe  
  20  1:20  Probe  
  20  1:27  Nexus  
  20  1:37  Cybernetics Core  
  21  1:40  Probe  
  21  1:47  Assimilator  
  21  1:52  Probe  
  22  1:54  Pylon  
  22  2:04  Probe (Chrono Boost)  
  23  2:10  Adept (Chrono Boost)  
  23  2:13  Warp Gate  
  25  2:16  Probe (Chrono Boost)  
  26  2:24  Probe (Chrono Boost)  
  26  2:28  Twilight Council  
  27  2:30  Probe  
  27  2:32  Stalker (Chrono Boost)  
  30  2:39  Probe  
  30  2:42  Probe  
  32  2:51  Probe  
  32  2:57  Robotics Facility, Probe  
  34  3:03  Probe  
  35  3:10  Gateway, Probe  
  36  3:15  Probe  
  37  3:20  Dark Shrine  
  37  3:22  Probe  
  37  3:23  Adept  
  40  3:28  Probe  
  41  3:34  Probe  
  41  3:38  Pylon  
  42  3:42  Probe, Warp Prism (Chrono Boost)  
  42  3:46  Probe  
  46  3:56  Probe  
  46  3:59  Probe  
  46  4:01  Adept  
  50  4:04  Pylon  
  50  4:05  Adept  
  50  4:08  Probe  
  53  4:11  Observer  
  54  4:21  Nexus  
  54  4:22  Probe  
  54  4:23  Probe  
  56  4:24  Pylon  
  56  4:34  Assimilator, Dark Templar x2  
  60  4:39  Probe  
  60  4:40  Probe  
  60  4:41  Assimilator  
  60  4:43  Pylon  
  62  4:53  Probe  
  62  4:58  Forge  
  63  5:00  Gateway  
  63  5:01  Gateway  
  63  5:05  Probe  
  64  5:08  Probe  
  64  5:12  Sentry x2  
  69  5:17  Probe  
  69  5:20  Probe  
  71  5:29  Probe (Chrono Boost)  
  71  5:31  Protoss Ground Weapons Level 1 (Chrono Boost)  
  71  5:32  Shield Battery, Probe (Chrono Boost)  
  71  5:33  Immortal (Chrono Boost)  
  71  5:34  Pylon  
  71  5:35  Probe (Chrono Boost)  
  74  5:41  Probe (Chrono Boost)  
  80  5:43  Probe (Chrono Boost)  
  80  5:44  Probe (Chrono Boost)  
  80  5:46  Probe (Chrono Boost)  
  80  5:47  Probe (Chrono Boost)  
  80  5:48  Probe (Chrono Boost)  
  83  5:56  Sentry x2, Probe  
  89  5:58  Probe  
  89  6:00  Pylon, Probe  
  89  6:02  Charge (Chrono Boost)  
  89  6:03  Immortal (Chrono Boost)  
  95  6:06  Gateway  
  95  6:08  Archon, Probe  
  95  6:10  Gateway, Probe  
  97  6:12  Probe  
  97  6:13  Gateway  
  98  6:19  Gateway  
  98  6:26  Assimilator  
  98  6:29  Zealot x3  
  98  6:30  Assimilator  
  104  6:36  Immortal  
  104  6:37  Pylon  
  108  6:54  Pylon  
  108  6:55  Pylon  
  108  6:57  Zealot x4  
  108  6:59  Photon Cannon  
  116  7:07  Pylon x2  
  116  7:08  Pylon  
  116  7:12  Dark Templar  
  116  7:13  Dark Templar, Zealot x2  
  124  7:17  Observer  
  124  7:18  Archon  
  124  7:20  Templar Archives  
  124  7:21  Zealot x3  
  131  7:24  Zealot  
  131  7:38  Immortal (Chrono Boost)  
  130  7:56  Psionic Storm  
  126  8:00  Shield Battery x2  
  126  8:01  Zealot x8  
  142  8:06  Shield Battery  
  142  8:12  Pylon  
  140  8:15  Immortal (Chrono Boost)  
  144  8:23  High Templar x3  
  142  8:28  High Templar, Archon  
  142  8:33  Zealot x4  
  136  8:37  Archon  
  106  8:47  Immortal  
  92  8:54  Stalker  
  92  8:55  Stalker x2  
  82  8:56  Stalker x2  
  82  8:57  Stalker x2  
  75  9:15  Zealot  
  63  9:19  Zealot x2  
  63  9:20  Zealot x4  

Tags
 
Add a new tag
Caveats
  • Supply blocks, unpowered buildings, or Contaminate may cause inaccurate times.
  • Supply counts are checked every 10 seconds.